 Dungeon Crawl Stone Soup version 0.26-a0-971-g1d9d62bb61 (webtiles) character file.

Game seed: 4931491023425790420

802 marklar909 the Ruffian (level 7, -3/67 HPs)
             Began as a Troll Monk on Dec 4, 2020.
             Was a Believer of Makhleb.
             Slain by a phantom (5 damage)
             ... on level 5 of the Dungeon.
             The game lasted 00:05:00 (2879 turns).

marklar909 the Ruffian (Troll Monk)                 Turns: 2879, Time: 00:05:00

Health: -3/67      AC:  6    Str: 20    XL:     7   Next: 59%
Magic:  9/9        EV: 11    Int:  6    God:    Makhleb [**....]
Gold:   163        SH:  0    Dex: 14    Spells: 6/6 levels left

rFire    . . .     SeeInvis .     - Unarmed
rCold    + . .     Faith    .   (no shield)
rNeg     . . .     Spirit   .   n - +0 robe (curse)
rPois    .         Reflect  .   (helmet restricted)
rElec    .         Harm     .   (no cloak)
rCorr    .         Rampage  .   (gloves unavailable)
MR       .....                  (boots unavailable)
Stlth    ++........             (no amulet)
HPRegen  1.01/turn              c - ring of protection from cold
MPRegen  0.11/turn              (no ring)

@: mighty
A: large, unfitting armour, claws 3, regeneration 2, shaggy fur 1, tough skin 3,
MP-powered wands
a: Minor Destruction, Renounce Religion


You were on level 5 of the Dungeon.
You worshipped Makhleb.
Makhleb was pleased with you.
You visited 1 branch of the dungeon, and saw 5 of its levels.

You collected 163 gold pieces.

Inventory:

Armour
 n - a cursed +0 robe (worn)
Jewellery
 c - a ring of protection from cold (left claw)
 p - an uncursed amulet of regeneration {unknown}
Wands
 s - a wand of random effects (18)
Scrolls
 b - 2 scrolls of noise {unknown}
 d - 4 scrolls of identify
 e - 8 scrolls of teleportation {unknown}
 f - 5 scrolls of enchant armour {unknown}
 h - a scroll of enchant weapon {unknown}
 m - 4 scrolls of remove curse {unknown}
 o - 3 scrolls of immolation {unknown}
 q - a scroll of magic mapping {unknown}
Potions
 g - a potion of might
 i - a potion of curing {unknown}
 j - 2 potions of brilliance
 k - a potion of attraction {unknown}
 l - 4 potions of degeneration
 r - a potion of cancellation {unknown}


   Skills:
 + Level 3.2 Fighting
 + Level 3.5 Dodging
 + Level 1.4 Stealth
 + Level 5.5 Unarmed Combat
 + Level 4.9 Invocations


You had 6 spell levels left.
You didn't know any spells.
Your spell library was empty.

Dungeon Overview and Level Annotations

Branches:
Dungeon (5/15)
 Temple: D:4-7

Altars:
Ashenzari
Makhleb
Nemelex Xobeh


Innate Abilities, Weirdness & Mutations

You are too large for most types of armour.
You have claws for hands.
You heal very quickly.
You are covered in fur. (AC +1)
You have extremely tough skin. (AC +3)
You expend magic power (3 MP) to strengthen your wands.


Message History

Okay, then.
Unknown command.
It was a potion of might.
You feel very mighty all of a sudden. The killer bee zombie hits you.
* * * LOW HITPOINT WARNING * * *
The killer bee zombie barely misses you.
Unknown command.
As you read the scroll of identify, it crumbles to dust.
j - 2 potions of brilliance The killer bee zombie hits you.
* * * LOW HITPOINT WARNING * * *
The phantom barely misses you. The killer bee zombie hits you.
* * * LOW HITPOINT WARNING * * *
Unknown command.
It was a potion of mutation.
You feel extremely strange.
You feel your magical essence link to the dungeon's wands.
You begin to heal more quickly.
The phantom hits you.
You die...

...#........#
#..#........#
#..#........#
#..###......# #..#
#......#
######..###......#########
......>.((................
......†.#W............#...
........#@#......####.#...
........#Z#......'..#.#...
........#)#......##.#.#...
.......##.#......##.#.#...
....... #.######......#...
######. #.# ####.###... #.
#.# #######....... ...
.............. #'#
#...........##


You could see a phantom and a killer bee zombie (corroded).

Vanquished Creatures
  A sky beast (D:5)
  A phantom (D:4)
  2 ogres (D:4)
  A centaur (D:5)
  A scorpion (D:4)
  A howler monkey (D:5)
  An orc priest (D:4)
  Jessica (D:2)
  A worker ant (D:4)
  Robin (D:2)
  9 adders
  An ooze (D:4)
  A worm (D:3)
  A dart slug (D:3)
  6 leopard geckos
  6 orcs
  A ball python (D:1)
  8 giant cockroaches
  12 hobgoblins
  7 jackals
  10 kobolds
  3 quokkas
  6 bats
  6 frilled lizards
  16 goblins
  12 rats
116 creatures vanquished.

Notes
Turn   | Place    | Note
-------+----------+-------------------------------------------
     0 | D:1      | marklar909 the Troll Monk began the quest for the Orb.
     0 | D:1      | Reached XP level 1. HP: 22/22 MP: 0/0
    88 | D:1      | Reached XP level 2. HP: 29/29 MP: 1/1
   842 | D:2      | Noticed Jessica
   845 | D:2      | Reached XP level 3. HP: 31/36 MP: 2/2
   855 | D:2      | Killed Jessica
   902 | D:2      | Reached skill level 4 in Unarmed Combat
   903 | D:2      | Noticed Robin
   922 | D:2      | Reached XP level 4. HP: 40/44 MP: 3/3
   946 | D:2      | Killed Robin
  1155 | D:2      | Reached XP level 5. HP: 42/52 MP: 4/4
  1450 | D:3      | Found a burning altar of Makhleb.
  1474 | D:3      | Became a worshipper of Makhleb the Destroyer
  1474 | D:3      | Reached * piety under Makhleb
  1474 | D:3      | Reached ** piety under Makhleb
  1732 | D:3      | Reached skill level 5 in Unarmed Combat
  1804 | D:3      | Found a sparkling altar of Nemelex Xobeh.
  2013 | D:4      | Reached skill level 1 in Invocations
  2034 | D:4      | Reached XP level 6. HP: 61/61 MP: 4/6
  2177 | D:4      | Found a broken altar of Ashenzari.
  2625 | D:4      | Reached XP level 7. HP: 67/67 MP: 7/9
  2733 | D:5      | Entered Level 5 of the Dungeon
  2878 | D:5      | HP: 1/67 [killer bee zombie (4)]
  2879 | D:5      | Gained mutation: You expend magic power (3 MP) to
                  | strengthen your wands. [potion of mutation]
  2879 | D:5      | Gained mutation: You heal very quickly. [potion of
                  | mutation]
  2879 | D:5      | Slain by a phantom

Illustrated notes

Levels and vault maps discovered:
D:1:      sevenhm_arrival_forest_fort_large_1, layout_loops_ring
D:2:      layout_rooms, uniq_robin, uniq_jessica
D:3:      layout_basic, nemelex_xobeh_ov_fountains_minmay, bloody_makhleb
D:4:      layout_loops_ring, evilmike_ruin_ashenzari
D:5:      layout_basic, nicolae_ru_awakened_eye, serial_shops,
          nicolae_shop_crystal

Skill      XL: |  1  2  3  4  5  6 |
---------------+-------------------+-----
Unarmed Combat | 4 5 |  5.5
Dodging        | 3 |  3.5
Fighting       | 3 |  3.2
Invocations    | 1 4 |  4.9
Stealth        | |  1.4

Action                   |  1- 3 |  4- 6 |  7- 9 || total
-------------------------+-------+-------+-------++-------
Melee: Unarmed           |    72 |   138 |    14 ||   224
       Punch             |       |     6 |       ||     6
Invok: Minor Destruction |       |    71 |    14 ||    85
  Use: Scroll            |       |       |     2 ||     2
       Potion            |       |       |     2 ||     2
 Stab: Sleeping          |     2 |     1 |       ||     3
Armor: Robe              |    28 |    64 |    10 ||   102
Dodge: Dodged            |    31 |   120 |    16 ||   167

Table legend: (Time is in decaauts)
 A = Elapsed time spent in this place.
 B = Non-inter-level travel time spent in this place.
 C = Inter-level travel time spent in this place.
 D = Time resting spent in this place.
 E = Time spent auto-exploring this place.
 F = Levels seen in this place.
 G = Mean time per level.
                   A        B        C        D        E       F      G
               +--------+--------+--------+--------+--------+-----+--------+
         Total |   2865 |   2780 |     85 |      0 |   2158 |   5 |  573.0 |
       Dungeon |   2865 |   2780 |     85 |      0 |   2158 |   5 |  573.0 |
               +--------+--------+--------+--------+--------+-----+--------+

Top non-repeatable levels by time:
     D:1: 840 daAuts
     D:4: 723 daAuts
     D:2: 602 daAuts
     D:3: 553 daAuts
     D:5: 144 daAuts
